AoeStats
← masterbait

Arena

511565555Analyzed
3v3 RM · 11d ago on Oct 5, 2026· 56m 53s· 6 players
Game mode
Random Map
Map size
Normal (6 player)
Population
200
Speed
Normal
Resources
Standard
Victory
Conquest
Starting age
Dark Age
Ending age
Imperial Age
RankedLock teamsTeams togetherTeam positionsShared explorationLock speedFull tech treeHidden civsTurbo modeCheats
Victory
Defeat
🇨🇦 Chinese · Canada
1369
+14
🇳🇱 Khitans · Netherlands
1363
+14
🇩🇪 Dravidians · Germany
1324
+16
vs
🇨🇳 Burgundians · China
1368
-17
🇦🇷 Khmer · Argentina
1339
-15
🇦🇷 Mongols · Argentina
1258
-12
Mycorrhizal
0:27 Loom
9:30 Feudal Age
13:28 Castle Age
12:54 Double-Bit Axe
14:25 Bow Saw
18:49 Gold Mining
19:27 Stone Mining
21:25 Padded Archer Armor
22:54 Town Watch
23:55 Horse Collar
24:59 Fletching
27:30 Bodkin Arrow
31:29 Imperial Age
30:21 Leather Archer Armor
31:42 Wheelbarrow
31:54 Heavy Plow
32:29 Bracer
33:35 Ring Archer Armor
35:21 Gold Shaft Mining
35:57 Ballistics
37:16 Chemistry
36:28 Masonry
37:20 Chemistry
41:33 Pikeman
42:14 Squires
42:19 Scale Mail Armor
42:56 Conscription
42:56 Hand Cart
42:10 Halberdier
43:20 Chain Mail Armor
43:08 Arson
43:22 Elite Skirmisher
44:11 Thumb Ring
45:15 Forging
45:36 Plate Mail Armor
50:09 Iron Casting
49:09 Heavy Rocket Cart
51:24 Architecture
54:47 Blast Furnace
Jagobert Juck
5:09 Loom
11:59 Feudal Age
16:24 Castle Age
14:06 Horse Collar
14:22 Double-Bit Axe
14:18 Horse Collar
15:15 Stone Mining
16:20 Wheelbarrow
17:14 Heavy Plow
17:25 Bow Saw
22:10 Hand Cart
28:36 Imperial Age
25:51 Town Watch
26:40 Masonry
26:32 Squires
26:17 Arson
25:56 Man-at-Arms
26:22 Gambesons
27:22 Thumb Ring
27:25 Heated Shot
27:55 Ballistics
27:34 Murder Holes
27:41 Fletching
27:51 Padded Archer Armor
28:02 Husbandry
29:32 Bodkin Arrow
29:52 Leather Archer Armor
30:45 Chemistry
30:15 Bracer
31:44 Ring Archer Armor
31:54 Elite Elephant Archer
33:47 Town Patrol
33:27 Pikeman
39:40 Forging
39:35 Scale Barding Armor
39:09 Elite Skirmisher
39:54 Scale Mail Armor
41:02 Two-Man Saw
42:02 Fortified Wall
53:21 Siege Elephant
sdk
0:33 Loom
10:44 Feudal Age
11:22 Domestication
11:28 Double-Bit Axe
17:56 Castle Age
17:52 Wheelbarrow
17:02 Town Watch
18:48 Pastoralism
18:58 Bow Saw
23:44 Stone Mining
23:45 Gold Mining
29:30 Imperial Age
27:21 Hand Cart
29:07 Scale Mail Armor
30:21 Chain Mail Armor
30:17 Forging
29:36 Elite Fire Lancer
31:27 Squires
32:28 Plate Mail Armor
32:34 Iron Casting
32:32 Guilds
33:18 Gambesons
33:23 Arson
34:20 Lamellar Armor
33:42 Capped Ram
35:33 Conscription
35:30 Siege Engineers
35:07 Siege Ram
36:13 Fletching
40:23 Scale Barding Armor
41:23 Chain Barding Armor
41:11 Ordo Cavalry
41:55 Husbandry
41:54 Light Cavalry
43:13 Plate Barding Armor
42:49 Hussar
44:43 Transhumance
44:54 Bodkin Arrow
49:24 Bracer
49:19 Elite Steppe Lancer
53:19 Fortified Wall
55:27 Treadmill Crane
55:57 Masonry
56:08 Ballistics
55:43 Murder Holes
56:48 Chemistry
57:52 Stone Shaft Mining
国产男子汉
3:15 Double-Bit Axe
7:24 Horse Collar
11:08 Feudal Age
15:23 Castle Age
13:36 Bow Saw
17:29 Wheelbarrow
22:06 Gold Mining
24:55 Imperial Age
22:50 Hand Cart
22:53 Stone Mining
24:29 Two-Man Saw
24:19 Stone Shaft Mining
24:18 Loom
24:19 Town Watch
24:48 Gold Mining
25:01 Heavy Plow
26:48 Gold Shaft Mining
26:28 Padded Archer Armor
28:05 Chemistry
27:26 Ballistics
29:56 Leather Archer Armor
30:27 Onager
30:56 Onager
31:35 Fletching
32:53 Bodkin Arrow
33:37 Conscription
33:23 Burgundian Vineyards
33:53 Masonry
35:18 Town Patrol
35:43 Bracer
36:45 Crop Rotation
40:06 Coinage
39:47 Scale Barding Armor
39:54 Forging
39:45 Scale Mail Armor
39:53 Elite Coustillier
40:41 Scale Barding Armor
41:13 Iron Casting
40:51 Treadmill Crane
41:41 Architecture
41:07 Murder Holes
42:32 Chain Barding Armor
42:18 Husbandry
44:22 Blast Furnace
44:05 Hoardings
46:26 Plate Barding Armor
49:51 Scale Mail Armor
53:45 Chain Mail Armor
masterbait
10:55 Feudal Age
12:26 Loom
14:51 Castle Age
12:46 Double-Bit Axe
12:43 Horse Collar
15:56 Bow Saw
15:47 Heavy Plow
22:18 Wheelbarrow
21:52 Fletching
21:59 Gold Mining
23:22 Bloodlines
23:12 Light Cavalry
24:25 Bodkin Arrow
25:50 Scale Barding Armor
25:46 Padded Archer Armor
25:57 Forging
27:23 Chain Barding Armor
30:44 Iron Casting
30:25 Leather Archer Armor
31:59 Hand Cart
34:15 Imperial Age
33:12 Ballistics
32:58 Thumb Ring
34:25 Husbandry
34:31 Stone Mining
35:42 Conscription
35:28 Bracer
36:30 Chemistry
35:56 Parthian Tactics
34:58 Hussar
36:39 Blast Furnace
35:50 Elite Mangudai
ExE
5:04 Loom
9:13 Feudal Age
10:35 Wheelbarrow
13:15 Castle Age
12:01 Double-Bit Axe
21:02 Loom
23:55 Horse Collar
25:22 Gold Mining
26:42 Bow Saw
26:41 Heavy Plow
28:14 Gold Shaft Mining
31:33 Imperial Age
30:38 Hand Cart
31:28 Ballistics
31:38 Fletching
32:15 Bodkin Arrow
33:48 Chemistry
33:21 Crop Rotation
33:17 Town Watch
33:45 Bracer
35:03 Conscription
35:12 Scale Barding Armor
35:19 Light Cavalry
36:10 Bloodlines
36:25 Forging
36:16 Capped Ram
37:02 Padded Archer Armor
37:29 Double Crossbow
39:09 Iron Casting
40:54 Blast Furnace
41:53 Scale Mail Armor
42:27 Heavy Scorpion
44:18 Husbandry
44:52 Hussar
46:38 Chain Barding Armor
46:46 Siege Engineers
53:22 Siege Ram
54:50 Leather Archer Armor
Connection lost

Rejoining the realm…

Still unreachable

The connection could not be restored.

Session expired

The server has moved on; the page needs a fresh start.